| TOP OF THE 1ST |
|
Montreal Expos batting - Pitching for Philadelphia Phillies : RHP Buzz Capra
|
|
Pitching: RHP Buzz Capra
|
|
|
Batting: LHB Duane Walker
|
0-0: Ball 1-0: Ball 2-0: Bunt missed! 2-1: Foul Ball, location: 2F 2-2: Foul Ball, location: 2F 2-2: Foul Ball, location: 2F 2-2: Ball 3-2: Strikes out swinging
|
|
Batting: SHB Garry Templeton
|
0-0: Ball 1-0: Called Strike 1-1: SINGLE (Line Drive, 8LS, EV 108.1 MPH)
|
|
Batting: LHB Kirk Gibson
|
0-0: Foul Ball, location: 2F 0-1: Ball Pickoff Throw to First - Out! 1-3 1-1: Ball 2-1: Ground out 2-3 (Groundball, 15S, EV 71.9 MPH)
|
| Top of the 1st over - 0 runs, 1 hit, 0 errors, 0 left on base; Montreal 0 - Philadelphia 0 |
| BOTTOM OF THE 1ST |
|
Philadelphia Phillies batting - Pitching for Montreal Expos : RHP Antonio Atayde
|
|
Pitching: RHP Antonio Atayde
|
|
|
Batting: RHB Paul Molitor
|
0-0: Ground out 4-3 (Groundball, 34, EV 83.1 MPH)
|
|
Batting: RHB Andy Ramirez
|
0-0: Called Strike 0-1: Foul Ball, location: 2F 0-2: Ball 1-2: Ball 2-2: Ball 3-2: Foul Ball, location: 2F 3-2: Ground out 5-3 (Groundball, 56, EV 86.3 MPH)
|
|
Batting: LHB Tony Gwynn
|
0-0: Ball 1-0: Foul Ball, location: 2F 1-1: Foul Ball, location: 2F 1-2: Ball 2-2: Foul Ball, location: 2F 2-2: Foul Ball, location: 2F 2-2: Ball 3-2: SINGLE (Line Drive, 56D, EV 98.8 MPH)
|
|
Batting: RHB Candy Maldonado
|
0-0: Ground out 4-3 (Groundball, 4, EV 106.9 MPH)
|
| Bottom of the 1st over - 0 runs, 1 hit, 0 errors, 1 left on base; Montreal 0 - Philadelphia 0 |
| TOP OF THE 2ND |
|
Montreal Expos batting - Pitching for Philadelphia Phillies : RHP Buzz Capra
|
|
Batting: RHB Dale Murphy
|
0-0: Ball 1-0: SINGLE (Groundball, 56D, EV 110.6 MPH)
|
|
Batting: RHB Dave Winfield
|
0-0: Called Strike 0-1: Ball 1-1: Fielders Choice at 2nd, 6-4 (Groundball, 6, EV 84.4 MPH)
|
|
Batting: LHB Timnothy Meyer
|
0-0: Called Strike 0-1: Foul Ball, location: 2F 0-2: Ball 1-2: Fielders Choice at 2nd, 4-6 (Groundball, 4M, EV 105.0 MPH)
|
|
Batting: LHB Ernesto Quevedo
|
0-0: Called Strike 0-1: Ball 1-1: Ball 2-1: Fly out, F4 (Flyball, 34D, EV 86.3 MPH)
|
| Top of the 2nd over - 0 runs, 1 hit, 0 errors, 1 left on base; Montreal 0 - Philadelphia 0 |
| BOTTOM OF THE 2ND |
|
Philadelphia Phillies batting - Pitching for Montreal Expos : RHP Antonio Atayde
|
|
Batting: LHB Ken Phelps
|
0-0: Foul Ball, location: 2F 0-1: Swinging Strike 0-2: Ball 1-2: Strikes out swinging
|
|
Batting: LHB Andy Guerrero
|
0-0: Foul Ball, location: 2F 0-1: Swinging Strike 0-2: Hit by Pitch
|
|
Batting: LHB Lou Whitaker
|
0-0: Ball 1-0: Ball 2-0: Called Strike 2-1: Called Strike 2-2: Reached on error, E5 (Groundball, 56, EV 107.5 MPH) Andy Guerrero to second
|
|
Batting: RHB Tony Pena
|
0-0: Called Strike 0-1: Ball Wild Pitch! Andy Guerrero to third Lou Whitaker to second 1-1: Swinging Strike 1-2: DOUBLE (Line Drive, 9LM, EV 106.9 MPH) Andy Guerrero scores Lou Whitaker scores
|
|
Batting: RHB Buzz Capra
|
0-0: Foul Ball, location: 2F 0-1: Ball 1-1: Called Strike 1-2: Strikes out looking
|
|
Batting: RHB Paul Molitor
|
0-0: Foul Ball, location: 2F 0-1: Ball 1-1: Foul Ball, location: 2F 1-2: Ball 2-2: Ball 3-2: Reached on error, E6 (Groundball, 6, EV 90.0 MPH) Tony Pena to third
|
|
Batting: RHB Andy Ramirez
|
0-0: Ball 1-0: Ball 2-0: Ball 3-0: Called Strike 3-1: Foul Ball, location: 2F 3-2: Ground out 5-3 (Groundball, 5, EV 80.6 MPH)
|
| Bottom of the 2nd over - 2 runs, 1 hit, 2 errors, 2 left on base; Montreal 0 - Philadelphia 2 |
| TOP OF THE 3RD |
|
Montreal Expos batting - Pitching for Philadelphia Phillies : RHP Buzz Capra
|
|
Batting: LHB Orlando Sanchez
|
0-0: Swinging Strike 0-1: Ball 1-1: Ground out 4-3 (Groundball, 4, EV 105.0 MPH)
|
|
Batting: RHB Antonio Atayde
|
0-0: Ball 1-0: Ball 2-0: Called Strike 2-1: Foul Ball, location: 2F 2-2: Foul Ball, location: 2F 2-2: Strikes out swinging
|
|
Batting: LHB Duane Walker
|
0-0: SINGLE (Groundball, 15S, EV 74.4 MPH) (infield hit)
|
|
Batting: SHB Garry Templeton
|
0-0: Ground out 5-3 (Groundball, 56, EV 97.5 MPH)
|
| Top of the 3rd over - 0 runs, 1 hit, 0 errors, 1 left on base; Montreal 0 - Philadelphia 2 |
| BOTTOM OF THE 3RD |
|
Philadelphia Phillies batting - Pitching for Montreal Expos : RHP Antonio Atayde
|
|
Batting: LHB Tony Gwynn
|
0-0: Ball 1-0: Foul Ball, location: 2F 1-1: Ball 2-1: Ball 3-1: Swinging Strike 3-2: Foul Ball, location: 2F 3-2: Fly out, F7 (Flyball, 78S, EV 85.6 MPH)
|
|
Batting: RHB Candy Maldonado
|
0-0: Ball 1-0: Foul Ball, location: 2F 1-1: Swinging Strike 1-2: Ball 2-2: Ball 3-2: Foul Ball, location: 2F 3-2: SOLO HOME RUN (Flyball, 7D, EV 101.3 MPH), Distance : 372 ft
|
|
Batting: LHB Ken Phelps
|
0-0: Ball 1-0: Ball 2-0: Ball 3-0: Base on Balls
|
|
Batting: LHB Andy Guerrero
|
0-0: Ball 1-0: Fielders Choice at 2nd, 3-6 (Groundball, 3, EV 81.3 MPH)
|
|
Batting: LHB Lou Whitaker
|
0-0: Foul Ball, location: 2F 0-1: Ball 1-1: Foul Ball, location: 2F 1-2: DOUBLE (Flyball, 8LXD, EV 106.9 MPH) Andy Guerrero to third Runner from 3rd tries for Home, SAFE, throw by CF to trailing runner, SAFE at third!
|
|
Batting: RHB Tony Pena
|
0-0: Ball 1-0: Ball 2-0: Foul Ball, location: 2F 2-1: Foul Ball, location: 2F 2-2: Foul Ball, location: 2F 2-2: DOUBLE (Line Drive, 78D, EV 110.0 MPH) Lou Whitaker scores
|
|
Batting: RHB Buzz Capra
|
0-0: Foul Ball, location: 2F 0-1: Swinging Strike 0-2: Foul Ball, location: 2F 0-2: Ball 1-2: Strikes out swinging
|
| Bottom of the 3rd over - 3 runs, 3 hits, 0 errors, 1 left on base; Montreal 0 - Philadelphia 5 |
| TOP OF THE 4TH |
|
Montreal Expos batting - Pitching for Philadelphia Phillies : RHP Buzz Capra
|
|
Batting: LHB Kirk Gibson
|
0-0: Fly out, F6 (Popup, 6M, EV 61.9 MPH)
|
|
Batting: RHB Dale Murphy
|
0-0: Fly out, F8 (Flyball, 89XD, EV 106.9 MPH)
|
|
Batting: RHB Dave Winfield
|
0-0: Called Strike 0-1: Swinging Strike 0-2: SOLO HOME RUN (Flyball, 7LD, EV 93.8 MPH), Distance : 366 ft
|
|
Batting: LHB Timnothy Meyer
|
0-0: Called Strike 0-1: Called Strike 0-2: Ball 1-2: Fly out, F3 (Line Drive, 3, EV 64.4 MPH)
|
| Top of the 4th over - 1 run, 1 hit, 0 errors, 0 left on base; Montreal 1 - Philadelphia 5 |
| BOTTOM OF THE 4TH |
|
Philadelphia Phillies batting - Pitching for Montreal Expos : RHP Antonio Atayde
|
|
Batting: RHB Paul Molitor
|
0-0: Swinging Strike 0-1: Foul Ball, location: 2F 0-2: Foul Ball, location: 2F 0-2: Ball 1-2: Foul Ball, location: 2F 1-2: Foul Ball, location: 2F 1-2: Foul Ball, location: 2F 1-2: Ball 2-2: Foul Ball, location: 2F 2-2: Ground out 5-3 (Groundball, 5L, EV 106.3 MPH)
|
|
Batting: RHB Andy Ramirez
|
0-0: SINGLE (Groundball, 56D, EV 102.5 MPH)
|
|
Batting: LHB Tony Gwynn
|
0-0: Called Strike Andy Ramirez steals 2nd base 0-1: Ball 1-1: Called Strike 1-2: Ball 2-2: Ball 3-2: Base on Balls
|
|
Batting: RHB Candy Maldonado
|
0-0: Fly out, F7 (Line Drive, 7, EV 111.3 MPH)
|
|
Batting: LHB Ken Phelps
|
0-0: Ball 1-0: Foul Ball, location: 2F 1-1: Ball 2-1: Ball 3-1: Fly out, F6 (Popup, 6, EV 71.3 MPH)
|
| Bottom of the 4th over - 0 runs, 1 hit, 0 errors, 2 left on base; Montreal 1 - Philadelphia 5 |
| TOP OF THE 5TH |
|
Montreal Expos batting - Pitching for Philadelphia Phillies : RHP Buzz Capra
|
|
Batting: LHB Ernesto Quevedo
|
0-0: Ball 1-0: Ball 2-0: Ground out 4-3 (Groundball, 4, EV 86.3 MPH)
|
|
Batting: LHB Orlando Sanchez
|
0-0: Ball 1-0: Called Strike 1-1: Swinging Strike 1-2: Strikes out swinging
|
|
Batting: RHB Antonio Atayde
|
0-0: Ground out 4-3 (Groundball, 34, EV 103.8 MPH)
|
| Top of the 5th over - 0 runs, 0 hits, 0 errors, 0 left on base; Montreal 1 - Philadelphia 5 |
| BOTTOM OF THE 5TH |
|
Philadelphia Phillies batting - Pitching for Montreal Expos : RHP Antonio Atayde
|
|
Batting: LHB Andy Guerrero
|
0-0: Called Strike 0-1: Ball 1-1: Swinging Strike 1-2: Strikes out swinging
|
|
Batting: LHB Lou Whitaker
|
0-0: Foul Ball, location: 2F 0-1: Ball 1-1: Ball 2-1: Called Strike 2-2: Strikes out swinging
|
|
Batting: RHB Tony Pena
|
0-0: Hit by Pitch
|
|
Batting: RHB Buzz Capra
|
0-0: Called Strike 0-1: Ball 1-1: Swinging Strike 1-2: Ball 2-2: Strikes out swinging
|
| Bottom of the 5th over - 0 runs, 0 hits, 0 errors, 1 left on base; Montreal 1 - Philadelphia 5 |
| TOP OF THE 6TH |
|
Montreal Expos batting - Pitching for Philadelphia Phillies : RHP Buzz Capra
|
|
Batting: LHB Duane Walker
|
0-0: Called Strike 0-1: Foul Ball, location: 3F, Error on foul ball, E3 0-2: Foul Ball, location: 2F 0-2: Ball 1-2: Ball 2-2: Foul Ball, location: 2F 2-2: Ball 3-2: Base on Balls
|
|
Batting: SHB Garry Templeton
|
0-0: SINGLE (Line Drive, 89S, EV 93.1 MPH) Duane Walker to second Runner from 2nd tries for 3rd, SAFE, no throw by RF
|
|
Batting: LHB Kirk Gibson
|
0-0: Ball 1-0: Ball Garry Templeton steals 2nd base 2-0: Ground out U3 (Groundball, 34, EV 91.3 MPH) Duane Walker scores Garry Templeton to third
|
|
Batting: RHB Dale Murphy
|
0-0: Ball 1-0: Ball 2-0: Called Strike 2-1: Ball 3-1: Ground out 5-3 (Groundball, 56, EV 78.8 MPH) Garry Templeton scores
|
|
Batting: RHB Dave Winfield
|
0-0: Called Strike 0-1: Ball 1-1: Ball 2-1: Called Strike 2-2: Strikes out swinging
|
| Top of the 6th over - 2 runs, 1 hit, 1 error, 0 left on base; Montreal 3 - Philadelphia 5 |
| BOTTOM OF THE 6TH |
|
Philadelphia Phillies batting - Pitching for Montreal Expos : RHP Antonio Atayde
|
|
Batting: RHB Paul Molitor
|
0-0: Swinging Strike 0-1: Ground out 1-3 (Groundball, 13, EV 69.4 MPH)
|
|
Batting: RHB Andy Ramirez
|
0-0: Ball 1-0: Ball 2-0: Called Strike 2-1: Ground out 5-3 (Groundball, 56, EV 89.4 MPH)
|
|
Batting: LHB Tony Gwynn
|
0-0: Called Strike 0-1: Called Strike 0-2: Strikes out swinging
|
| Bottom of the 6th over - 0 runs, 0 hits, 0 errors, 0 left on base; Montreal 3 - Philadelphia 5 |
| TOP OF THE 7TH |
|
Montreal Expos batting - Pitching for Philadelphia Phillies : RHP Buzz Capra
|
|
Batting: LHB Timnothy Meyer
|
0-0: Called Strike 0-1: Ball 1-1: Swinging Strike 1-2: Ball 2-2: Ball 3-2: SOLO HOME RUN (Line Drive, 9D, EV 97.5 MPH), Distance : 396 ft
|
|
Pitching: RHP Tom Hume
|
|
|
Batting: LHB Ernesto Quevedo
|
0-0: DOUBLE (Line Drive, 89XD, EV 101.3 MPH)
|
|
Batting: LHB Orlando Sanchez
|
0-0: Called Strike 0-1: Foul Ball, location: 2F 0-2: Ball 1-2: Ball 2-2: Foul Ball, location: 2F 2-2: Ball 3-2: Strikes out swinging
|
|
Pinch Hitting: LHB Guonçalo Fernandes
|
0-0: Called Strike 0-1: Ball 1-1: Foul Ball, location: 2F 1-2: Strikes out swinging
|
|
Batting: LHB Duane Walker
|
0-0: Foul Ball, location: 2F 0-1: Ball 1-1: TRIPLE (Flyball, 89XD, EV 111.9 MPH) Ernesto Quevedo scores
|
|
Batting: SHB Garry Templeton
|
0-0: Called Strike 0-1: Fly out, F7 (Flyball, 7LM, EV 83.8 MPH)
|
| Top of the 7th over - 2 runs, 3 hits, 0 errors, 1 left on base; Montreal 5 - Philadelphia 5 |
| BOTTOM OF THE 7TH |
|
Philadelphia Phillies batting - Pitching for Montreal Expos : RHP Antonio Atayde
|
|
Pitching: RHP Anthony Dumaw
|
|
|
Batting: RHB Candy Maldonado
|
0-0: Ball 1-0: Foul Ball, location: 2F 1-1: Called Strike 1-2: Ball 2-2: DOUBLE (Flyball, 89XD, EV 103.1 MPH)
|
|
Batting: LHB Ken Phelps
|
0-0: Called Strike 0-1: Ball 1-1: Called Strike 1-2: Strikes out looking
|
|
Batting: LHB Andy Guerrero
|
0-0: Ball 1-0: Foul Ball, location: 2F 1-1: Ball 2-1: Foul Ball, location: 2F 2-2: Ball 3-2: Foul Ball, location: 2F 3-2: DOUBLE (Flyball, 89XD, EV 103.8 MPH) Candy Maldonado scores
|
|
Batting: LHB Lou Whitaker
|
0-0: Foul Ball, location: 2F 0-1: Ball 1-1: Swinging Strike 1-2: Strikes out swinging, 2-3 out at first.
|
|
Batting: RHB Tony Pena
|
0-0: Foul Ball, location: 2F 0-1: Ground out 3-1 (Groundball, 34, EV 98.1 MPH)
|
| Bottom of the 7th over - 1 run, 2 hits, 0 errors, 1 left on base; Montreal 5 - Philadelphia 6 |
| TOP OF THE 8TH |
|
Montreal Expos batting - Pitching for Philadelphia Phillies : RHP Tom Hume
|
|
Batting: LHB Kirk Gibson
|
0-0: Ball 1-0: Foul Ball, location: 2F 1-1: Fly out, F8 (Flyball, 8LD, EV 106.3 MPH)
|
|
Batting: RHB Dale Murphy
|
0-0: Fly out, F9 (Flyball, 9S, EV 90.0 MPH)
|
|
Batting: RHB Dave Winfield
|
0-0: Ground out 1-3 (Groundball, 34S, EV 73.1 MPH)
|
| Top of the 8th over - 0 runs, 0 hits, 0 errors, 0 left on base; Montreal 5 - Philadelphia 6 |
| BOTTOM OF THE 8TH |
|
Philadelphia Phillies batting - Pitching for Montreal Expos : RHP Anthony Dumaw
|
|
Pinch Hitting: RHB Dan Thomas
|
0-0: Ball 1-0: Called Strike 1-1: Swinging Strike 1-2: Ball 2-2: Strikes out looking
|
|
Batting: RHB Paul Molitor
|
0-0: Called Strike 0-1: Ball 1-1: SINGLE (Groundball, 56S, EV 75.6 MPH) (infield hit)
|
|
Batting: RHB Andy Ramirez
|
0-0: Ball 1-0: Swinging Strike 1-1: Ball 2-1: Called Strike 2-2: Ball Paul Molitor steals 2nd base 3-2: Foul Ball, location: 2F 3-2: SINGLE (Line Drive, 6MD, EV 94.4 MPH) Paul Molitor to third
|
|
Batting: LHB Tony Gwynn
|
0-0: Called Strike 0-1: Ball 1-1: Ball Wild Pitch! Paul Molitor scores Andy Ramirez to second 2-1: Foul Ball, location: 2F 2-2: Foul Ball, location: 2F 2-2: Ball Wild Pitch! Andy Ramirez to third 3-2: Foul Ball, location: 2F 3-2: Ground out 4-3 (Groundball, 4, EV 106.9 MPH) Andy Ramirez scores
|
|
Pitching: RHP Terry Leach
|
|
|
Batting: RHB Candy Maldonado
|
0-0: Foul Ball, location: 2F 0-1: Ball 1-1: Ball 2-1: Ball 3-1: Base on Balls
|
|
Batting: LHB Ken Phelps
|
0-0: Ball 1-0: Ball 2-0: Swinging Strike 2-1: Foul Ball, location: 2F 2-2: Ball 3-2: Strikes out swinging
|
| Bottom of the 8th over - 2 runs, 2 hits, 0 errors, 1 left on base; Montreal 5 - Philadelphia 8 |
| TOP OF THE 9TH |
|
Montreal Expos batting - Pitching for Philadelphia Phillies : RHP Tom Hume
|
|
Pitching: LHP Lawrence Burgess
|
|
|
Batting: LHB Timnothy Meyer
|
0-0: Ground out 5-3 (Groundball, 25, EV 76.3 MPH)
|
|
Batting: LHB Ernesto Quevedo
|
0-0: Called Strike 0-1: Ball 1-1: Ball 2-1: Ball 3-1: Foul Ball, location: 2F 3-2: Base on Balls
|
|
Batting: LHB Orlando Sanchez
|
0-0: Called Strike 0-1: Ball 1-1: Fielders Choice at 2nd, 4-6 (Groundball, 4, EV 83.1 MPH)
|
|
Pinch Hitting: SHB Biff Pocoroba
|
0-0: Ball 1-0: Fielders Choice at 2nd, 6-4 (Groundball, 6, EV 90.6 MPH)
|
| Top of the 9th over - 0 runs, 0 hits, 0 errors, 1 left on base; Montreal 5 - Philadelphia 8 |
|